 Dungeon Crawl Stone Soup version 0.19-a0-981-gaae9137 (webtiles) character file.

1460 ololoev the Cudgeler (level 8, -2/58 HPs)
             Began as a Mummy Berserker on July 14, 2016.
             Was a Priest of Trog.
             Splashed by a brown ugly thing's acid (11 damage)
             ... on level 6 of the Dungeon.
             The game lasted 00:11:47 (6464 turns).

ololoev the Cudgeler (Mummy Berserker)              Turns: 6464, Time: 00:11:48

Health: -2/58      AC: 13    Str: 22    XL:     8   Next: 48%
Magic:  8/8        EV: 10    Int:  6    God:    Trog [***...]
Gold:   269        SH:  0    Dex: 12    Spells: 0 memorised, 7 levels left

rFire  + . .     SeeInvis .     a - +0 flail (protect)
rCold  . . .     Gourm    .     i - +1 scale mail
rNeg   + + +     Faith    .     (no shield)
rPois  ∞         Spirit   .     (no helmet)
rElec  .         Dismiss  .     (no cloak)
rCorr  .         Reflect  .     (no gloves)
SustAt .         Harm     .     (no boots)
MR     +++..                    (no amulet)
Stlth  ..........               p - ring of fire
                                g - ring of protection from fire

@: regenerating, extremely resistant to hostile enchantments, extremely
unstealthy
A: no food or potions, fire vulnerability, cold resistance 1, negative energy
resistance 3, torment resistance, unbreathing
a: Trog's Hand, Burn Spellbooks, Renounce Religion


Innate Abilities, Weirdness & Mutations

You do not eat or drink.
Your flesh is vulnerable to fire.
You are immune to poison.
Your flesh is cold resistant. (rC+)
You are immune to negative energy. (rN+++)
You are immune to unholy pain and torment.
You can survive without breathing.

Inventory:

Hand Weapons
 a - a +0 flail of protection (weapon)
 b - a +0 hunting sling
Missiles
 d - 75 stones (quivered)
 h - 32 sling bullets
Armour
 i - a +1 scale mail (worn)
Jewellery
 g - a ring of protection from fire (left hand)
 p - a ring of fire (right hand)
Scrolls
 c - 4 scrolls of identify
 j - a scroll of immolation
 l - 6 scrolls of remove curse


   Skills:
 - Level 3.0 Fighting
 * Level 6.7 Maces & Flails
 + Level 4.4 Throwing
 + Level 4.4 Armour
 - Level 1.5 Dodging


You had 7 spell levels left.
You didn't know any spells.


You were on level 6 of the Dungeon.
You worshipped Trog.
Trog was most pleased with you.
You were not hungry.

You visited 1 branch of the dungeon, and saw 6 of its levels.

You collected 269 gold pieces.

.....#####.##..#.##>.....#
#..### #.##.##.##..##.##
#.## #.##.##.##.###.# ..#
#....##........# ###
####.......##### ) #
#......## ### ####. ..
###...## #.. ..# ## ##u##
#.# #.# # #@# #.####.## #
#.# #.##...)[ ##.##
#.##.#.## #...# #.##.#.#
#...#######......#
#...#.......##.###
####...#.#####....# #
#...........# #..### #
..............#..#

Notes
Turn   | Place    | Note
-------+----------+-------------------------------------------
     0 | D:1      | ololoev the Mummy Berserker began the quest for the Orb.
     0 | D:1      | Reached XP level 1. HP: 18/18 MP: 1/1
   238 | D:1      | Reached XP level 2. HP: 18/24 MP: 2/2
   652 | D:1      | Reached skill level 1 in Throwing
   857 | D:1      | Reached ** piety under Trog
  1070 | D:1      | Reached XP level 3. HP: 29/29 MP: 3/3
  1558 | D:2      | Found a sparkling altar of Nemelex Xobeh.
  1653 | D:2      | Noticed Ijyb
  1669 | D:2      | Killed Ijyb
  1669 | D:2      | Reached skill level 3 in Maces & Flails
  1930 | D:2      | Reached XP level 4. HP: 35/35 MP: 4/4
  2361 | D:2      | You fall through a shaft for 2 floors!
  2361 | D:4      | Noticed Blork the orc
  2372 | D:4      | Killed Blork the orc
  2372 | D:4      | Reached XP level 5. HP: 21/41 MP: 5/5
  2913 | D:3      | Reached skill level 4 in Maces & Flails
  3178 | D:3      | Found a shadowy altar of Dithmenos.
  3788 | D:3      | Reached *** piety under Trog
  4073 | D:2      | Reached XP level 6. HP: 43/47 MP: 6/6
  4344 | D:4      | Found a burning altar of Makhleb.
  4615 | D:5      | Entered Level 5 of the Dungeon
  4842 | D:5      | Noticed Edmund
  4896 | D:5      | Killed Edmund
  4934 | D:5      | Found a staircase to the Ecumenical Temple.
  4967 | D:5      | Reached skill level 5 in Maces & Flails
  4967 | D:5      | Reached XP level 7. HP: 51/52 MP: 7/7
  5235 | D:5      | Noticed Menkaure
  5247 | D:5      | Killed Menkaure
  5963 | D:6      | Reached skill level 6 in Maces & Flails
  5963 | D:6      | Reached XP level 8. HP: 43/58 MP: 8/8
  6405 | D:6      | Noticed a brown ugly thing
  6464 | D:6      | Splashed by a brown ugly thing's acid

Dungeon Overview and Level Annotations

Branches:
Dungeon (6/15)             Temple (0/1) D:5

Altars:
Dithmenos
Makhleb
Nemelex Xobeh


Message History

The centaur is heavily wounded.
The centaur hits you but does no damage.
The worker ant closely misses you. The centaur hits you.
You sock the centaur!
You kill the centaur!
Trog accepts your kill.
The worker ant bites you but does no damage. x2
Things that are here:
an uncursed shortbow; 11 arrows Your scale mail prevents you from hitting the worker ant.
The worker ant bites you.
You barely miss the worker ant. The worker ant bites you.
You sock the worker ant!
The worker ant is severely wounded.
The worker ant barely misses you. The worker ant misses you.
You thump the worker ant!
You kill the worker ant!
Trog accepts your kill.
You see here a worker ant corpse.
You start resting.
You feel the effects of Trog's Hand fading.
You start resting.
Your skin stops crawling.
You feel less resistant to hostile enchantments.
You start resting.
HP restored.
Things that are here:
an uncursed shortbow; 11 arrows A brown ugly thing comes into view.
The brown ugly thing gurgles horribly!
Found a dagger.
As you read the scroll labeled PANORE WAOM, it crumbles to dust.
It is a scroll of enchant armour.
Enchant which item? (? for menu, Esc to quit)
Your +0 scale mail glows green for a moment.
As you read the scroll labeled AXEKKEA NITEIP, it crumbles to dust.
It is a scroll of recharging.
You aren't carrying any rechargeable items.
You aren't carrying any items that you can evoke.
Unknown command.
Use which ability? (? or * to list)
Your skin crawls.
You feel resistant to hostile enchantments.
Use which ability? (? or * to list)
Okay, then.
You aren't carrying any items that you can evoke.
Unknown command.
As you read the scroll of fog, it crumbles to dust.
The scroll dissolves into smoke.
You barely miss the brown ugly thing. The brown ugly thing gores you.
You are splashed with acid!
The acid burns!
You closely miss the brown ugly thing. The brown ugly thing gores you.
You are splashed with acid!
The acid corrodes you!
The acid burns!
You hit the brown ugly thing but do no damage.
The brown ugly thing gores you but does no damage.
The brown ugly thing gores you but does no damage.
You feel the effects of Trog's Hand fading.
You are no longer corroded.
Your skin stops crawling.
You feel less resistant to hostile enchantments.
The brown ugly thing misses you.
Unknown command.
You see here a long sword.
The brown ugly thing gores you!
You are splashed with acid!
The acid burns!
You see here a tomahawk.
Use which ability? (? or * to list)
Your skin crawls.
You feel resistant to hostile enchantments.
The brown ugly thing gores you!
You are splashed with acid!
The acid corrodes you!
The acid burns!
You feel the effects of Trog's Hand fading.
The brown ugly thing gores you.
You are splashed with acid!
The acid burns!
You are no longer corroded.
Your skin stops crawling.
You feel less resistant to hostile enchantments.
Use which ability? (? or * to list)
Your skin crawls.
You feel resistant to hostile enchantments.
The brown ugly thing gores you!
You are splashed with acid!
The acid burns!
You die...

You could see a brown ugly thing.

Vanquished Creatures
  Menkaure (D:5)
  Edmund (D:5)
  2 ogres (D:6)
  A sky beast (D:5)
  3 centaurs
  Blork the orc (D:4)
  2 giant frogs (D:6)
  A scorpion (D:5)
  A crimson imp (D:6)
  A jelly (D:5)
  A hound (D:5)
  An orc priest (D:6)
  A giant frog skeleton (D:5)
  Ijyb (D:2)
  2 orc wizards (D:6)
  2 worker ants
  A worker ant zombie (D:6)
  7 gnolls (D:3)
  4 adders
  A shadow imp (D:6)
  2 adder skeletons (D:4)
  A worm (D:3)
  2 dart slugs
  4 giant geckos
  6 orcs
  7 bats
  5 giant cockroaches
  6 goblins
  6 hobgoblins (D:1)
  3 jackals (D:3)
  A quokka (D:6)
  2 ball pythons
  3 giant newts
  10 kobolds
  A quokka zombie (D:6)
  5 rats
99 creatures vanquished.

Action                   |  1- 3 |  4- 6 |  7- 9 || total
-------------------------+-------+-------+-------++-------
Melee: Mace              |    96 |    37 |       ||   133
       Flail             |       |   105 |    75 ||   180
 Fire: Hunting sling     |    32 |    88 |    47 ||   167
Invok: Trog's Hand       |       |     2 |     8 ||    10
Evoke: Wand              |       |     5 |    11 ||    16
  Use: Scroll            |       |       |     9 ||     9
Armor: Animal skin       |    18 |       |       ||    18
       Scale mail        |     2 |    70 |    58 ||   130
       Leather armour    |     1 |       |       ||     1
Dodge: Dodged            |    82 |    88 |    62 ||   232

Vault maps used:
D:1:      roderic_crossed_star
D:2:      minmay_misc_feat_diagonals, nemelex_xobeh_ov_fountains_minmay,
          uniq_iyjb
D:3:      minivault_27, nicolae_dithmenos_through_a_glass_darkly
D:4:      old_standard_altar, uniq_blork_the_orc
D:5:      first_bread, uniq_edmund, uniq_menkaure
D:6:      minmay_thick_lines
